TOP OF THE 1ST |
Lehigh Valley IronPigs batting - Pitching for Iowa Cubs : RHP Nicolai Volnov
|
Pitching: RHP Nicolai Volnov
|
|
Batting: LHB Theodore Conboy
|
0-0: Called Strike 0-1: Ball 1-1: Swinging Strike 1-2: Strikes out swinging
|
Batting: RHB Alberto Ramirez
|
0-0: Swinging Strike 0-1: Ball 1-1: Swinging Strike 1-2: Ball 2-2: Ball 3-2: Foul Ball, location: 2F 3-2: Foul Ball, location: 2F 3-2: Fly out, F8 (Flyball, 89M, EV 92.5 MPH)
|
Batting: RHB Carlos Morejon
|
0-0: Ball 1-0: Called Strike 1-1: Foul Ball, location: 2F 1-2: Strikes out swinging
|
Top of the 1st over - 0 runs, 0 hits, 0 errors, 0 left on base; Lehigh Valley 0 - Iowa 0 |
BOTTOM OF THE 1ST |
Iowa Cubs batting - Pitching for Lehigh Valley IronPigs : RHP Victor Hurtado
|
Pitching: RHP Victor Hurtado
|
|
Batting: LHB Sumiki Okuhara
|
0-0: Called Strike 0-1: Swinging Strike 0-2: Ball 1-2: Strikes out looking
|
Batting: RHB Jon Aguilar
|
0-0: Ball 1-0: Foul Ball, location: 2F 1-1: Called Strike 1-2: Fly out, F6 (Popup, 6M, EV 53.1 MPH)
|
Batting: LHB Mark Ingram
|
0-0: Ball 1-0: Foul Ball, location: 2F 1-1: Foul Ball, location: 2F 1-2: Strikes out swinging
|
Bottom of the 1st over - 0 runs, 0 hits, 0 errors, 0 left on base; Lehigh Valley 0 - Iowa 0 |
TOP OF THE 2ND |
Lehigh Valley IronPigs batting - Pitching for Iowa Cubs : RHP Nicolai Volnov
|
Batting: LHB Josh George
|
0-0: Ball 1-0: Ball 2-0: SOLO HOME RUN (Line Drive, 89XD, EV 103.1 MPH), Distance : 397 ft
|
Batting: LHB Jose Carlos
|
0-0: DOUBLE (Line Drive, 7LS, EV 108.1 MPH)
|
Batting: RHB Mark Schultz
|
0-0: Ball 1-0: Ball 2-0: SINGLE (Flyball, 4D, EV 87.5 MPH) Jose Carlos to third
|
Batting: SHB Marco de Leon
|
0-0: Ball 1-0: Ball 2-0: Ball Mark Schultz is caught stealing 2nd base 2-6 3-0: Base on Balls
|
Batting: RHB Kyle Reilly
|
0-0: Called Strike 0-1: Ball 1-1: Fly out, F8 (Line Drive, 8LM, EV 105.0 MPH) Runner from 3rd tags up, SCORES, throw by CF
|
Batting: RHB Moritake Fukumoto
|
0-0: Foul Ball, location: 2F 0-1: 2-RUN HOME RUN (Flyball, 9D, EV 98.8 MPH), Distance : 382 ft
|
Batting: LHB Theodore Conboy
|
0-0: Ball 1-0: Swinging Strike 1-1: Swinging Strike 1-2: Strikes out looking
|
Top of the 2nd over - 4 runs, 4 hits, 0 errors, 0 left on base; Lehigh Valley 4 - Iowa 0 |
BOTTOM OF THE 2ND |
Iowa Cubs batting - Pitching for Lehigh Valley IronPigs : RHP Victor Hurtado
|
Batting: RHB Ricardo Aguinaga
|
0-0: Swinging Strike 0-1: Fly out, F9 (Flyball, 89S, EV 88.8 MPH)
|
Batting: RHB Adam O'Hare
|
0-0: Ball 1-0: Swinging Strike 1-1: Ball 2-1: Ball 3-1: DOUBLE (Line Drive, 3D, EV 103.8 MPH)
|
Batting: SHB Gabriel Cruz
|
0-0: Called Strike 0-1: Fly out, F9 (Flyball, 8RS, EV 89.4 MPH)
|
Batting: RHB Brian Gargis
|
0-0: Ball 1-0: Foul Ball, location: 2F 1-1: Ground out 4-3 (Groundball, 4, EV 92.5 MPH)
|
Bottom of the 2nd over - 0 runs, 1 hit, 0 errors, 1 left on base; Lehigh Valley 4 - Iowa 0 |
TOP OF THE 3RD |
Lehigh Valley IronPigs batting - Pitching for Iowa Cubs : RHP Nicolai Volnov
|
Batting: RHB Alberto Ramirez
|
0-0: Swinging Strike 0-1: Foul Ball, location: 2F 0-2: Strikes out swinging
|
Batting: RHB Carlos Morejon
|
0-0: Swinging Strike 0-1: Ball 1-1: Ball 2-1: Ball 3-1: Foul Ball, location: 2F 3-2: Foul Ball, location: 2F 3-2: Strikes out swinging
|
Batting: LHB Josh George
|
0-0: Ball 1-0: Called Strike 1-1: Ball 2-1: Ball 3-1: Foul Ball, location: 2F 3-2: SINGLE (Groundball, 3D, EV 107.5 MPH)
|
Batting: LHB Jose Carlos
|
0-0: Ball 1-0: Ball 2-0: Foul Ball, location: 2F 2-1: Foul Ball, location: 2F 2-2: Ball 3-2: Foul Ball, location: 2F 3-2: Strikes out swinging
|
Top of the 3rd over - 0 runs, 1 hit, 0 errors, 1 left on base; Lehigh Valley 4 - Iowa 0 |
BOTTOM OF THE 3RD |
Iowa Cubs batting - Pitching for Lehigh Valley IronPigs : RHP Victor Hurtado
|
Batting: RHB Pat Barton
|
0-0: Ball 1-0: Ball 2-0: Ball 3-0: Foul Ball, location: 2F 3-1: Base on Balls
|
Batting: RHB Rich Thurman
|
0-0: Ball 1-0: Foul Ball, location: 2F 1-1: Swinging Strike 1-2: Ball Pickoff Throw to First - Out! 1-3 CS 2-2: Foul Ball, location: 2F 2-2: Strikes out swinging
|
Batting: LHB Sumiki Okuhara
|
0-0: Ball 1-0: Called Strike 1-1: Foul Ball, location: 2F 1-2: Ball 2-2: Ball 3-2: Foul Ball, location: 2F 3-2: Base on Balls
|
Batting: RHB Jon Aguilar
|
0-0: Ball 1-0: Ball 2-0: Called Strike 2-1: Ball 3-1: Called Strike 3-2: SINGLE (Line Drive, 7S, EV 95.0 MPH) Sumiki Okuhara to second Sumiki Okuhara to third
|
Batting: LHB Mark Ingram
|
Pickoff Throw to First - Out! 1-3
|
Bottom of the 3rd over - 0 runs, 1 hit, 0 errors, 1 left on base; Lehigh Valley 4 - Iowa 0 |
TOP OF THE 4TH |
Lehigh Valley IronPigs batting - Pitching for Iowa Cubs : RHP Nicolai Volnov
|
Batting: RHB Mark Schultz
|
0-0: Ball 1-0: Called Strike 1-1: Ball 2-1: SINGLE (Groundball, 4M, EV 103.1 MPH) (infield hit)
|
Batting: SHB Marco de Leon
|
0-0: Called Strike Mark Schultz is caught stealing 2nd base 2-6 0-1: Called Strike 0-2: Strikes out swinging
|
Batting: RHB Kyle Reilly
|
0-0: Ball 1-0: Called Strike 1-1: Ball 2-1: Foul Ball, location: 2F 2-2: SINGLE (Groundball, 34D, EV 100.6 MPH)
|
Batting: RHB Moritake Fukumoto
|
0-0: Ball 1-0: Ball 2-0: Foul Ball, location: 2F 2-1: SINGLE (Groundball, 4MD, EV 94.4 MPH) Kyle Reilly to second Runner from 2nd tries for 3rd, SAFE, throw by CF made to third
|
Batting: LHB Theodore Conboy
|
0-0: Foul Ball, location: 2F 0-1: Ball 1-1: Fly out, F8 (Flyball, 8LXD, EV 93.8 MPH)
|
Top of the 4th over - 0 runs, 3 hits, 0 errors, 2 left on base; Lehigh Valley 4 - Iowa 0 |
BOTTOM OF THE 4TH |
Iowa Cubs batting - Pitching for Lehigh Valley IronPigs : RHP Victor Hurtado
|
Batting: LHB Mark Ingram
|
0-0: Ball 1-0: Called Strike 1-1: Called Strike 1-2: Ball 2-2: Foul Ball, location: 2F 2-2: Strikes out looking
|
Batting: RHB Ricardo Aguinaga
|
0-0: Fly out, F7 (Flyball, 7D, EV 88.1 MPH)
|
Batting: RHB Adam O'Hare
|
0-0: Ball 1-0: Called Strike 1-1: Foul Ball, location: 2F 1-2: Foul Ball, location: 2F 1-2: Foul Ball, location: 2F 1-2: Strikes out swinging
|
Bottom of the 4th over - 0 runs, 0 hits, 0 errors, 0 left on base; Lehigh Valley 4 - Iowa 0 |
TOP OF THE 5TH |
Lehigh Valley IronPigs batting - Pitching for Iowa Cubs : RHP Nicolai Volnov
|
Batting: RHB Alberto Ramirez
|
0-0: Ball 1-0: Fly out, F8 (Flyball, 8LD, EV 95.0 MPH)
|
Batting: RHB Carlos Morejon
|
0-0: Called Strike 0-1: Foul Ball, location: 2F 0-2: Ball 1-2: SINGLE (Groundball, 6MD, EV 100.0 MPH)
|
Batting: LHB Josh George
|
0-0: Called Strike 0-1: Swinging Strike 0-2: Strikes out looking
|
Batting: LHB Jose Carlos
|
0-0: Swinging Strike 0-1: Ball 1-1: Foul Ball, location: 2F 1-2: Ball 2-2: Ground out 1-3 (Groundball, 13S, EV 63.1 MPH)
|
Top of the 5th over - 0 runs, 1 hit, 0 errors, 1 left on base; Lehigh Valley 4 - Iowa 0 |
BOTTOM OF THE 5TH |
Iowa Cubs batting - Pitching for Lehigh Valley IronPigs : RHP Victor Hurtado
|
Batting: SHB Gabriel Cruz
|
0-0: Called Strike 0-1: Ground out 6-3 (Groundball, 6, EV 87.5 MPH)
|
Batting: RHB Brian Gargis
|
0-0: Ball 1-0: Called Strike 1-1: Foul Ball, location: 2F 1-2: Ball 2-2: Ball 3-2: Foul Ball, location: 2F 3-2: Base on Balls
|
Batting: RHB Pat Barton
|
0-0: Foul Ball, location: 2F 0-1: Swinging Strike 0-2: Ball 1-2: Ball 2-2: Foul Ball, location: 2F 2-2: Ball 3-2: Base on Balls Brian Gargis to second
|
Batting: RHB Rich Thurman
|
0-0: Fly out, F7 (Flyball, 7, EV 96.2 MPH)
|
Batting: LHB Sumiki Okuhara
|
0-0: Fly out, F5 (Popup, 25F, EV 86.9 MPH)
|
Bottom of the 5th over - 0 runs, 0 hits, 0 errors, 2 left on base; Lehigh Valley 4 - Iowa 0 |
TOP OF THE 6TH |
Lehigh Valley IronPigs batting - Pitching for Iowa Cubs : RHP Nicolai Volnov
|
Pitching: LHP Bill Esten
|
|
Batting: RHB Mark Schultz
|
0-0: Called Strike 0-1: Swinging Strike 0-2: Ball 1-2: Ball 2-2: Ball 3-2: Strikes out looking
|
Batting: SHB Marco de Leon
|
0-0: Ball 1-0: Foul Ball, location: 2F 1-1: Ball 2-1: Ball 3-1: Called Strike 3-2: Fly out, F8 (Flyball, 8RD, EV 90.0 MPH)
|
Batting: RHB Kyle Reilly
|
0-0: Called Strike 0-1: Ball 1-1: Called Strike 1-2: Hit by Pitch
|
Batting: RHB Moritake Fukumoto
|
0-0: Fly out, F8 (Flyball, 8LD, EV 93.1 MPH)
|
Top of the 6th over - 0 runs, 0 hits, 0 errors, 1 left on base; Lehigh Valley 4 - Iowa 0 |
BOTTOM OF THE 6TH |
Iowa Cubs batting - Pitching for Lehigh Valley IronPigs : RHP Victor Hurtado
|
Batting: RHB Jon Aguilar
|
0-0: Called Strike 0-1: Ball 1-1: Foul Ball, location: 2F 1-2: Ball 2-2: Strikes out swinging
|
Batting: LHB Mark Ingram
|
0-0: Ball 1-0: Foul Ball, location: 2F 1-1: Ball 2-1: Ball 3-1: Called Strike 3-2: SINGLE (Groundball, 34D, EV 105.6 MPH)
|
Batting: RHB Ricardo Aguinaga
|
0-0: Ball 1-0: Called Strike 1-1: Called Strike 1-2: Strikes out swinging
|
Batting: RHB Adam O'Hare
|
0-0: Ball 1-0: Foul Ball, location: 2F 1-1: Ground out U3 (Groundball, 23, EV 86.9 MPH)
|
Bottom of the 6th over - 0 runs, 1 hit, 0 errors, 1 left on base; Lehigh Valley 4 - Iowa 0 |
TOP OF THE 7TH |
Lehigh Valley IronPigs batting - Pitching for Iowa Cubs : LHP Bill Esten
|
Pitching: LHP Jose Urena
|
|
Batting: LHB Theodore Conboy
|
0-0: Called Strike 0-1: Fly out, F8 (Flyball, 89M, EV 81.9 MPH)
|
Batting: RHB Alberto Ramirez
|
0-0: Ball 1-0: Ground out 4-3 (Groundball, 4, EV 105.0 MPH)
|
Batting: RHB Carlos Morejon
|
0-0: SINGLE (Line Drive, 9S, EV 94.4 MPH)
|
Batting: LHB Josh George
|
0-0: Ball 1-0: Foul Ball, location: 2F 1-1: Swinging Strike 1-2: Strikes out swinging
|
Top of the 7th over - 0 runs, 1 hit, 0 errors, 1 left on base; Lehigh Valley 4 - Iowa 0 |
BOTTOM OF THE 7TH |
Iowa Cubs batting - Pitching for Lehigh Valley IronPigs : RHP Victor Hurtado
|
Pitching: RHP Dustin Greaves
|
|
Batting: SHB Gabriel Cruz
|
0-0: Ball 1-0: Foul Ball, location: 2F 1-1: Called Strike 1-2: Fly out, F5 (Popup, 56, EV 69.4 MPH)
|
Batting: RHB Brian Gargis
|
0-0: Ground out 6-3 (Groundball, 6MD, EV 82.5 MPH)
|
Batting: RHB Pat Barton
|
0-0: Ball 1-0: Swinging Strike 1-1: Foul Ball, location: 2F 1-2: Ground out U3 (Groundball, 3, EV 105.6 MPH)
|
Bottom of the 7th over - 0 runs, 0 hits, 0 errors, 0 left on base; Lehigh Valley 4 - Iowa 0 |
TOP OF THE 8TH |
Lehigh Valley IronPigs batting - Pitching for Iowa Cubs : LHP Jose Urena
|
Batting: LHB Jose Carlos
|
0-0: Ground out 6-3 (Groundball, 6, EV 100.6 MPH)
|
Batting: RHB Mark Schultz
|
0-0: Ball 1-0: Ball 2-0: Ball 3-0: Ground out 3-1 (Groundball, 13, EV 91.9 MPH)
|
Batting: SHB Marco de Leon
|
0-0: Ball 1-0: Ball 2-0: Called Strike 2-1: Ball 3-1: Swinging Strike 3-2: Base on Balls
|
Batting: RHB Kyle Reilly
|
0-0: Called Strike 0-1: Ball 1-1: Called Strike 1-2: Ball 2-2: Foul Ball, location: 2F 2-2: Foul Ball, location: 2F 2-2: Ball 3-2: Strikes out swinging
|
Top of the 8th over - 0 runs, 0 hits, 0 errors, 1 left on base; Lehigh Valley 4 - Iowa 0 |
BOTTOM OF THE 8TH |
Iowa Cubs batting - Pitching for Lehigh Valley IronPigs : RHP Dustin Greaves
|
Pitching: RHP Manny Cordova
|
|
Batting: RHB Rich Thurman
|
0-0: Called Strike 0-1: Ball 1-1: Called Strike 1-2: Fly out, F8 (Flyball, 8LD, EV 104.4 MPH)
|
Batting: LHB Sumiki Okuhara
|
0-0: Ball 1-0: Swinging Strike 1-1: Foul Ball, location: 2F 1-2: Strikes out swinging
|
Batting: RHB Jon Aguilar
|
0-0: Called Strike 0-1: Called Strike 0-2: Strikes out swinging
|
Bottom of the 8th over - 0 runs, 0 hits, 0 errors, 0 left on base; Lehigh Valley 4 - Iowa 0 |
TOP OF THE 9TH |
Lehigh Valley IronPigs batting - Pitching for Iowa Cubs : LHP Jose Urena
|
Pitching: RHP Harry Poindexter
|
|
Batting: RHB Moritake Fukumoto
|
0-0: Ball 1-0: Ball 2-0: Foul Ball, location: 2F 2-1: Ball 3-1: SINGLE (Line Drive, 8LS, EV 108.1 MPH)
|
Batting: LHB Theodore Conboy
|
0-0: Foul Ball, location: 2F 0-1: Sac Bunt to 5S - play at first, batter OUT! 5-3 Moritake Fukumoto to second
|
Batting: RHB Alberto Ramirez
|
0-0: Ball 1-0: Ball 2-0: Called Strike 2-1: Ground out 5-3 (Groundball, 56S, EV 77.5 MPH)
|
Batting: RHB Carlos Morejon
|
0-0: Ball 1-0: Called Strike 1-1: Ball 2-1: Ground out 6-3 (Groundball, 6, EV 105.6 MPH)
|
Top of the 9th over - 0 runs, 1 hit, 0 errors, 1 left on base; Lehigh Valley 4 - Iowa 0 |
BOTTOM OF THE 9TH |
Iowa Cubs batting - Pitching for Lehigh Valley IronPigs : RHP Manny Cordova
|
Pitching: LHP Brian Wildrick
|
|
Batting: LHB Mark Ingram
|
0-0: Called Strike 0-1: Ball 1-1: SINGLE (Groundball, 3D, EV 103.8 MPH)
|
Batting: RHB Ricardo Aguinaga
|
0-0: Called Strike 0-1: Swinging Strike 0-2: Strikes out swinging
|
Batting: RHB Adam O'Hare
|
0-0: Called Strike 0-1: Ball 1-1: Called Strike 1-2: Ball 2-2: Strikes out swinging
|
Batting: SHB Gabriel Cruz
|
0-0: Called Strike 0-1: Ball 1-1: Fly out, F7 (Flyball, 78S, EV 92.5 MPH)
|
Bottom of the 9th over - 0 runs, 1 hit, 0 errors, 1 left on base; Lehigh Valley 4 - Iowa 0 |
|